 Dungeon Crawl Stone Soup version 0.15.1-1-gfacfea3 (webtiles) character file.

316 Johnny the Chiller (level 6, -1/49 HPs)
             Began as a Demigod Ice Elementalist on Sept 25, 2014.
             Slain by an ogre
             ... wielding a +0 giant spiked club
              (28 damage)
             ... on Level 4 of the Dungeon.
             The game lasted 00:07:42 (3834 turns).

Johnny the Chiller (Demigod Ice Elementalist)       Turns: 3834, Time: 00:07:42

HP  -1/49        AC  5     Str 11      XL: 6   Next:  0%
MP   9/15        EV  9     Int 21      God:
Gold 125         SH  0     Dex 19      Spells:  2 memorised,  5 levels left

rFire  . . .     SeeInvis .     p - +1 hand axe (elec)
rCold  . . .     Clarity  .     k - +0 ring mail
rNeg   . . .     rCorr    .     (no shield)
rPois  .         rRot     .     (no helmet)
rElec  .         Spirit   .     (no cloak)
SustAb .         Warding  .     (no gloves)
rMut   .         Stasis   .     (no boots)
Gourm  .                        (no amulet)
MR     .....                    (no ring)
                                (no ring)

@: very slightly contaminated, not resistant to hostile enchantments, unstealthy
A: no striking features
a: no special abilities


You were on level 4 of the Dungeon.
You were very hungry.

You visited 1 branch of the dungeon, and saw 4 of its levels.

You collected 125 gold pieces.

Inventory:

Hand weapons
 p - a +1 hand axe of electrocution (weapon)
Armour
 k - a +0 ring mail (worn)
Magical devices
 l - a wand of digging (7)
Comestibles
 a - a beef jerky
 c - 2 bread rations
 d - a fruit
Scrolls
 e - 3 scrolls of identify {unknown}
 f - a scroll of immolation {unknown}
 g - 3 scrolls of remove curse
 m - 3 scrolls of teleportation {unknown}
Potions
 h - a potion of mutation {unknown}
 j - a potion of magic {unknown}
 n - a potion of restore abilities {unknown}
 o - a potion of heal wounds {unknown}
Books
 b - a book of Frost

   Spells                             Type                      Level
   *Freeze                            Ice                          1
   Throw Frost                        Conjuration/Ice              2
   Ozocubu's Armour                   Charms/Ice                   3
   Throw Icicle                       Conjuration/Ice              4
   *Summon Ice Beast                  Ice/Summoning                4
   Condensation Shield                Ice                          4


   Skills:
 * Level 2.3 Fighting
 + Level 1.4 Armour
 * Level 3.1 Dodging
 + Level 2.7 Stealth
 * Level 2.7 Spellcasting
   Level 0.8 Conjurations
 * Level 0.5 Summonings
 * Level 3.5 Ice Magic


You had 5 spell levels left.
You knew the following spells:

 Your Spells              Type           Power        Failure   Level  Hunger
b - Freeze                Ice            ###.         6%          1    None
c - Summon Ice Beast      Ice/Summ       ##......     88%         4    ####...


Dungeon Overview and Level Annotations

Branches:
Dungeon (4/15)
 Temple: D:4-7

Annotations:
D:4 Blork the orc, Eustachio


Message History

You freeze the ogre.
The ogre is severely wounded.
Casting: Freeze
Confirm with . or Enter, or press ? or * to list all spells.
Aiming: Freeze
Press: ? - help, Shift-Dir - straight line, f/p - ogre
Aim: an ogre, wielding a giant spiked club (severely wounded)
You freeze the ogre.
The ogre is severely wounded.
The ogre closely misses you.
Casting: Freeze
Confirm with . or Enter, or press ? or * to list all spells.
Aiming: Freeze
Press: ? - help, Shift-Dir - straight line, f/p - ogre
Aim: an ogre, wielding a giant spiked club (severely wounded)
You freeze the ogre.
The ogre is almost dead.
The ogre hits you with a giant spiked club!!
Ouch! That really hurt!
You die...

### #.# # ### ##.# .## ## #.#
###.O## ##.#. .#
#.###...#@### ##.##.## #.
#.....#####.## ##..###.### .#
#...### #..###...#...... #.#
##..## ##.......#.....## ..#
##...## ##...##........##
#..# #.....##
#...###......###
...##...#...####..###......##
......####...##..## #.....##
.....## ##.....## #......#


You could see an ogre.

Vanquished Creatures
  A crocodile (D:4)
  An orc wizard (D:4)
  3 orc priests (D:4)
  A worker ant (D:3)
  An adder (D:4)
  3 worms (D:2)
  2 giant geckos
  4 oozes
  3 orcs (D:4)
  9 hobgoblins
  12 kobolds
  2 quokkas (D:2)
  4 bats
  7 giant newts
  6 goblins
  6 rats
65 creatures vanquished.

Notes
Turn   | Place    | Note
--------------------------------------------------------------
     0 | D:1      | Johnny, the Demigod Ice Elementalist, began the quest for the Orb.
     0 | D:1      | Reached XP level 1. HP: 14/14 MP: 3/3
   342 | D:1      | Reached XP level 2. HP: 11/22 MP: 4/4
   355 | D:1      | HP: 1/22 [kobold/short sword (4)]
   796 | D:2      | Reached skill level 3 in Ice Magic
   997 | D:2      | Reached XP level 3. HP: 15/27 MP: 8/8
  1129 | D:2      | Found a shadowy altar of Dithmenos.
  1193 | D:2      | Found a glowing golden altar of the Shining One.
  1351 | D:2      | Reached skill level 1 in Fighting
  1824 | D:2      | Found a bloodstained altar of Trog.
  2470 | D:4      | Reached XP level 4. HP: 32/35 MP: 5/10
  2487 | D:4      | Reached skill level 1 in Armour
  2716 | D:4      | Reached XP level 5. HP: 25/41 MP: 6/12
  2983 | D:4      | Noticed an ogre
  2987 | D:4      | HP: 2/41 [poisoned by an adder]
  3000 | D:4      | HP: 2/41 [poisoned by a worker ant]
  3010 | D:3      | HP: 1/41 [worker ant (4)]
  3178 | D:3      | Learned a level 4 spell: Summon Ice Beast
  3352 | D:4      | Noticed Blork the orc
  3507 | D:3      | Reached XP level 6. HP: 28/49 MP: 15/15
  3708 | D:4      | Noticed Eustachio
  3834 | D:4      | Slain by an ogre

Action                   |  1- 3 |  4- 6 || total
-------------------------+-------+-------++-------
Melee: Dagger            |    22 |       ||    22
       Unarmed           |     9 |       ||     9
       Spear             |   137 |       ||   137
       Hand axe          |       |    33 ||    33
 Cast: Freeze            |    30 |    32 ||    62
Evoke: Wand              |       |     1 ||     1
  Use: Potion            |       |     3 ||     3
       Scroll            |       |     1 ||     1
 Stab: Sleeping          |     6 |       ||     6
  Eat: Chunk             |     3 |     3 ||     6
       Fruit             |     1 |     2 ||     3
